 Dungeon Crawl Stone Soup version 0.29.1-2-gbd0b4ee654 (webtiles) character file.

Game seed: 1874244765668947256

101 MisterAzrael the Conjurer (level 4, -1/36 HPs)
             Began as a Deep Elf Conjurer on Oct 28, 2022.
             Slain by a worm (4 damage)
             ... while paralysed by Grinder
             ... on level 3 of the Dungeon.
             The game lasted 00:03:50 (3094 turns).

MisterAzrael the Conjurer (Deep Elf Conjurer)       Turns: 3094, Time: 00:03:51

Health: -1/36      AC: 22    Str:  4    XL:     4   Next: 48%
Magic:  2/12       EV:  2    Int: 25    God:
Gold:   130        SH:  0    Dex: 13    Spells: 1/11 levels left

rFire   + . .      SeeInvis .   d - +1 whip (freeze)
rCold   x . .      Faith    .   (no shield)
rNeg    . . .      Spirit   .   (body armour currently unavailable)
rPois   +          Reflect  .   (helmet currently unavailable)
rElec   .          Harm     .   (cloak currently unavailable)
rCorr   .          Rampage  .   (gloves currently unavailable)
Will    .....      NoTele   +   (boots currently unavailable)
Stlth   ++........              (no amulet)
HPRegen 0.12/turn               k - ring of fire
MPRegen 0.13/turn               (no ring)

@: paralysed, tree-form
A: stationary, stasis, torment immunity, boosted hp
a: no special abilities


You were on level 3 of the Dungeon.
You were a tree.
You visited 1 branch of the dungeon, and saw 3 of its levels.

You collected 130 gold pieces.

Inventory:

Hand Weapons
 d - a +1 whip of freezing (weapon)
Armour
 a - a +0 robe (melded)
 l - a +0 pair of boots (melded)
Jewellery
 k - a ring of fire (left branch)
Scrolls
 c - a scroll of enchant weapon {unknown}
 e - 4 scrolls of identify {unknown}
 f - 2 scrolls of immolation {unknown}
 g - a scroll of fog {unknown}
 i - 2 scrolls of fear {unknown}
 m - a scroll of magic mapping {unknown}
Potions
 h - a potion of brilliance {unknown}
 j - a potion of lignification
 n - a potion of curing {unknown}


   Skills:
 - Level 2.4 Dodging
 - Level 2.4 Stealth
 + Level 4.0 Spellcasting
 + Level 5.6 Conjurations
 * Level 2.5 Hexes


You had one spell level left.
You knew the following spells:

 Your Spells              Type           Power      Damage    Failure   Level
a - Magic Dart            Conj           100%       1d8       1%          1
b - Searing Ray           Conj           66%        2d6       1%          2
c - Dazzling Flash        Conj/Hex       50%        N/A       4%          3
d - Fulminant Prism       Conj/Hex       12%        3d9       17%         4

Your spell library contained the following spells:

 Spells                   Type           Power      Damage    Failure   Level
 Iskenderun's Mystic Bla  Conj/Tloc      19%        2d6       28%         4


Dungeon Overview and Level Annotations

Branches:
Dungeon (3/15)

Altars:

Annotations:
D:3 Grinder


Message History

Pain shoots through your body!
* * * LOW HITPOINT WARNING * * *
The searing ray hits Grinder but does no damage.
Grinder is almost dead.
The searing ray hits the worm!
The worm is heavily wounded.
The searing ray misses Grinder.
The searing ray hits the worm.
The worm is severely wounded.
You hit Grinder.
Grinder is almost dead.
Grinder gestures at you.
You suddenly lose the ability to move!
Grinder gestures at you. You resist with significant effort.
Grinder barely misses you. Grinder gestures at you.
Pain shoots through your body!
* * * LOW HITPOINT WARNING * * *
You can move again.
You feel much better. Grinder hits you.
You writhe in agony.
* * * LOW HITPOINT WARNING * * *
Grinder blinks!
You closely miss Grinder.
Grinder is almost dead.
Grinder hits you.
* * * LOW HITPOINT WARNING * * *
You writhe in agony.
* * * LOW HITPOINT WARNING * * *
You hit Grinder but do no damage.
Grinder is almost dead.
Grinder closely misses you.
You closely miss Grinder.
Grinder is almost dead.
Grinder closely misses you.
It was a potion of lignification.
You turn into a tree.
Your +0 pair of boots melds into your body.
Your +0 robe melds into your body.
Your roots penetrate the ground.
Grinder gestures at you.
You suddenly lose the ability to move!
The worm bites you.
You die...

..............#
#.#####.####### #.#
####### #.###.....##
#####.....###.†####..#
#.......#.# #........#
#.#####.#.###..####.##
#.#.....5# #.###.##♣#
#.# #.##w# #.###.##.#
#.....##.# #####.##.#
##.##.# ######..##.###
.###......†.....#
.....#..###.###.#


You could see Grinder and a worm.

Vanquished Creatures
  4 adders
  4 dart slugs
  2 bats
  6 endoplasms
  3 giant cockroaches (D:1)
  5 goblins
  2 hobgoblins
  6 jackals
  6 kobolds
  4 quokkas
  7 ball pythons
  2 frilled lizards (D:1)
  2 rats (D:1)
53 creatures vanquished.

Vanquished Creatures (others)
  A fulminant prism (D:3)
1 creature vanquished.

Grand Total: 54 creatures vanquished

Notes
Turn   | Place    | Note
-------+----------+-------------------------------------------
     0 | D:1      | MisterAzrael the Deep Elf Conjurer began the quest for the
                  | Orb.
     0 | D:1      | Reached XP level 1. HP: 10/10 MP: 6/6
   157 | D:1      | Reached XP level 2. HP: 15/15 MP: 0/8
   228 | D:1      | Learned a level 2 spell: Searing Ray
   249 | D:1      | Found a faded altar of an unknown god.
   577 | D:1      | Reached skill level 5 in Conjurations
  1053 | D:1      | Reached XP level 3. HP: 19/19 MP: 7/9
  1241 | D:1      | Learned a level 3 spell: Dazzling Flash
  1602 | D:2      | Reached skill level 1 in Hexes
  2253 | D:2      | Reached XP level 4. HP: 24/24 MP: 6/11
  2397 | D:2      | Learned a level 4 spell: Fulminant Prism
  3046 | D:3      | Noticed Grinder
  3084 | D:3      | Paralysed by Grinder for 4 turns
  3087 | D:3      | HP: 1/24 [Grinder/nerve-wracking pain (5)]
  3094 | D:3      | Paralysed by Grinder for 4 turns
  3094 | D:3      | Slain by a worm

Illustrated notes

Levels and vault maps discovered:
D:1:      wander_arrival_desolate, layout_basic, ebering_ecumenical_altar_hall,
          serial_glass, glass_columns_a, glass_columns_a, glass_columns_a,
          glass_columns_b
D:2:      layout_basic
D:3:      layout_loops_ring, lemuel_tele_altar, uniq_grinder

Skill      XL: |  1  2  3  4 |
---------------+-------------+-----
Conjurations   | 5 |  5.6
Hexes          | 1 2 |  2.5
Spellcasting   | 4 |  4.0
Dodging        | |  2.4
Stealth        | |  2.4

Action                   |  1- 3 |  4- 6 || total
-------------------------+-------+-------++-------
Melee: Whip              |     1 |     7 ||     8
 Cast: Magic Dart        |    85 |    24 ||   109
       Dazzling Flash    |     1 |       ||     1
       Searing Ray       |       |     2 ||     2
       Fulminant Prism   |       |     1 ||     1
  Use: Potion            |     1 |     3 ||     4
Armor: Robe              |     6 |     1 ||     7
Dodge: Dodged            |    21 |     6 ||    27
